Map: Triton LE

Players

INnoVation - Winner!

  • Race: Terran Terran
  • League: Grandmaster
  • Spawn Location: 5:00

PtitDrogo

  • Race: Protoss Protoss
  • League: Master
  • Spawn Location: 11:00

Event: NationWars 2019

VOD

Have the link to the VOD?

Description

Time

  • Played on: Dec. 8, 2019, 8:42 a.m.
  • Length: 16:18
Show
View Real Time Build Order
Export as new Build Order

INnoVation Terran - Winner!

Build Orders: Gas First Reaper Expand 

Get SALT Encoding   

  12  0:00  SCV  
  13  0:12  SCV  
  14  0:16  Supply Depot  
  14  0:25  SCV  
  15  0:29  Refinery  
  15  0:38  SCV  
  16  0:44  Barracks  
  16  0:50  SCV  
  17  1:02  SCV  
  18  1:14  SCV  
  19  1:30  Orbital Command  
  19  1:31  Reaper  
  20  1:41  Command Center  
  20  1:51  Factory  
  20  1:56  SCV  
  20  2:00  Refinery  
  21  2:06  Barracks Reactor  
  21  2:08  SCV  
  22  2:12  Supply Depot  
  22  2:20  SCV  
  23  2:34  SCV  
  24  2:37  Starport  
  24  2:43  Widow Mine, Marine x2  
  28  2:46  SCV  
  29  2:53  Orbital Command  
  29  2:58  SCV  
  29  3:01  Marine x2  
  29  3:04  Widow Mine  
  34  3:11  SCV  
  35  3:14  Medivac  
  35  3:18  Marine  
  35  3:19  SCV, Marine  
  40  3:22  Supply Depot  
  40  3:23  SCV  
  41  3:28  Widow Mine  
  41  3:32  SCV  
  44  3:35  SCV  
  44  3:37  Barracks  
  44  3:39  Marine  
  46  3:43  Marine  
  46  3:47  Supply Depot  
  46  3:48  SCV x2  
  49  3:55  Factory Tech Lab  
  49  3:57  Marine  
  49  4:00  SCV x2  
  49  4:01  Marine  
  53  4:04  Barracks  
  53  4:09  Supply Depot  
  53  4:12  SCV x2  
  53  4:14  Starport Tech Lab  
  53  4:15  Marine  
  56  4:19  Engineering Bay, Marine  
  57  4:25  SCV x2  
  57  4:30  Refinery  
  59  4:31  Supply Depot  
  59  4:32  Stimpack  
  59  4:34  Marine  
  59  4:36  Marine  
  59  4:37  Marine  
  62  4:39  SCV  
  62  4:41  SCV  
  62  4:45  Terran Infantry Weapons Level 1  
  62  4:51  SCV  
  64  4:53  SCV  
  64  4:54  Starport Reactor  
  64  4:58  Marauder  
  66  5:03  SCV  
  66  5:05  SCV, Supply Depot  
  68  5:07  Combat Shield, Marauder, Marine x2  
  72  5:15  Supply Depot  
  72  5:16  SCV  
  72  5:17  SCV  
  72  5:20  Marauder  
  76  5:24  Command Center  
  74  5:30  SCV x2  
  74  5:34  Marine x2  
  76  5:35  Medivac x2  
  76  5:38  Marauder  
  76  5:41  Marauder  
  82  5:43  Refinery  
  82  5:44  SCV  
  82  5:45  SCV  
  82  5:49  Supply Depot  
  84  5:55  Barracks x2  
  84  5:56  Factory Reactor  
  84  6:00  SCV  
  84  6:01  SCV  
  86  6:06  Medivac x2  
  86  6:07  Supply Depot  
  86  6:11  Marauder  
  92  6:12  Marauder  
  92  6:13  SCV  
  92  6:14  SCV  
  92  6:18  Marine x2  
  97  6:19  Concussive Shells  
  97  6:24  Supply Depot  
  97  6:25  SCV  
  99  6:26  SCV  
  99  6:36  Orbital Command  
  99  6:37  SCV  
  99  6:38  SCV, Medivac x2  
  99  6:39  Terran Infantry Armor Level 1  
  105  6:44  Supply Depot  
  105  6:53  SCV x2  
  107  6:54  Barracks Tech Lab  
  107  6:56  Marauder x2  
  107  6:58  Marine x2  
  107  6:59  Marine x2  
  115  7:02  SCV  
  115  7:05  SCV x2  
  118  7:11  Refinery x2  
  118  7:12  Liberator x2  
  118  7:14  Marauder  
  120  7:16  Marine x2  
  120  7:17  Marine x2  
  120  7:18  SCV, Marauder x2  
  120  7:19  SCV  
  120  7:20  SCV  
  131  7:28  Supply Depot  
  137  7:36  Fusion Core  
  137  7:37  SCV  
  137  7:38  SCV, Supply Depot  
  137  7:40  SCV  
  140  7:44  Supply Depot  
  140  7:50  Marauder x3  
  146  7:55  Liberator x2  
  146  7:56  Marine x4  
  145  8:01  Supply Depot  
  145  8:07  Engineering Bay  
  145  8:08  Armory  
  145  8:19  Marauder x3  
  157  8:22  Advanced Ballistics  
  157  8:24  Missile Turret  
  157  8:26  Missile Turret  
  156  8:31  Factory Reactor  
  156  8:32  Marine x4  
  160  8:35  Starport  
  160  8:39  Supply Depot  
  160  8:40  Supply Depot  
  160  8:43  Missile Turret  
  160  8:44  Liberator x2  
  160  8:47  Marauder x3  
  166  8:49  Marine  
  166  8:50  Marine x3  
  170  9:02  Terran Infantry Weapons Level 2  
  176  9:06  Supply Depot  
  176  9:07  Terran Infantry Armor Level 2, Supply Depot, Command Center  
  175  9:11  Liberator  
  175  9:12  Liberator  
  175  9:17  Marauder x3  
  175  9:19  Marine x3  
  183  9:25  Missile Turret  
  188  9:37  Missile Turret  
  187  9:46  Terran Ship Weapons Level 1  
  187  9:49  Marauder x3, Marine x4  
  197  9:54  Liberator x2  
  196  10:00  Command Center  
  196  10:06  Ghost Academy  
  200  10:17  Sensor Tower  
  199  10:50  Barracks  
  199  10:51  Barracks  
  199  10:52  Barracks  
  199  10:57  Refinery x2  
  198  11:11  Planetary Fortress  
  198  11:16  Ghost x3  
  198  11:17  Missile Turret, Marine x4  
  198  11:18  Enhanced Shockwaves  
  198  11:20  Liberator  
  198  11:23  Terran Infantry Armor Level 3, Terran Infantry Weapons Level 3  
  198  11:27  Liberator  
  199  11:42  Liberator  
  199  11:43  Liberator  
  199  11:44  Command Center  
  177  12:01  Ghost x2  
  161  12:02  Barracks Tech Lab x2  
  161  12:05  Marine x4  
  161  12:07  Barracks Reactor  
  150  12:14  Terran Ship Weapons Level 2  
  144  12:15  SCV x2  
  144  12:16  SCV  
  143  12:23  SCV  
  143  12:25  Marauder  
  143  12:26  Liberator x2, Marauder x2, Medivac  
  143  12:27  Medivac  
  143  12:28  Marine  
  155  12:30  Marauder x2, Marine  
  155  12:34  SCV x3  
  155  12:35  SCV  
  164  12:42  Liberator  
  166  12:49  Marauder x3  
  169  12:51  Marine x3  
  161  13:05  Medivac  
  152  13:06  Marauder x2, Marine  
  152  13:10  Liberator, Marauder x3  
  152  13:11  Liberator  
  161  13:17  Liberator  
  161  13:19  Sensor Tower  
  161  13:22  SCV x3  
  161  13:25  Liberator  
  161  13:26  Marine x6  
  175  13:55  Factory Reactor  
  175  13:56  Ghost  
  175  13:57  Marine x6  
  175  13:58  Starport  
  183  14:04  Marauder x4  
  183  14:10  Viking  
  183  14:11  Viking  
  170  14:17  Viking  
  170  14:21  Marine x6  
  165  14:25  Viking, Marauder x2  
  166  14:34  Marauder x3  
  169  14:39  Marine  
  169  14:40  Viking  
  169  14:41  Viking  
  171  14:46  Marauder  
  171  14:47  Viking  
  171  14:48  Marauder  
  166  14:55  Viking, Marauder x2  
  152  15:01  SCV  
  152  15:05  Marauder, Marine  
  151  15:10  SCV x2, Viking  
  151  15:13  SCV  
  151  15:24  Medivac x2  
  151  15:28  Marauder x2  
  147  15:29  Marine  
  147  15:30  Marine x3  
Show
View Real Time Build Order
Export as new Build Order

PtitDrogo Protoss 

Build Orders: 1 Gate Expand, Colossus Rush 

Get SALT Encoding   

  12  0:00  Probe  
  13  0:12  Probe  
  14  0:18  Pylon  
  14  0:25  Probe (Chrono Boost)  
  15  0:37  Probe (Chrono Boost), Gateway  
  16  0:44  Probe (Chrono Boost)  
  16  0:46  Assimilator  
  17  0:51  Probe  
  18  1:03  Probe  
  19  1:15  Probe  
  20  1:21  Nexus  
  20  1:31  Cybernetics Core  
  20  1:34  Probe  
  20  1:39  Assimilator  
  21  1:46  Probe  
  22  1:49  Pylon  
  22  1:58  Probe  
  23  2:04  Stalker (Chrono Boost)  
  23  2:07  Warp Gate  
  25  2:10  Probe  
  26  2:16  Robotics Facility  
  27  2:22  Probe (Chrono Boost)  
  27  2:27  Stalker  
  29  2:33  Probe (Chrono Boost)  
  29  2:35  Probe (Chrono Boost)  
  31  2:42  Probe (Chrono Boost)  
  31  2:43  Probe (Chrono Boost)  
  33  2:47  Probe (Chrono Boost)  
  33  2:49  Probe  
  35  2:57  Sentry  
  37  2:59  Probe  
  37  3:01  Probe  
  37  3:04  Observer (Chrono Boost), Gateway  
  40  3:08  Gateway  
  40  3:12  Probe  
  41  3:13  Probe  
  41  3:17  Pylon  
  42  3:21  Observer (Chrono Boost)  
  42  3:24  Probe  
  42  3:25  Probe  
  45  3:28  Assimilator  
  45  3:30  Assimilator  
  45  3:34  Pylon  
  45  3:36  Probe (Chrono Boost)  
  48  3:41  Observer  
  48  3:42  Probe (Chrono Boost)  
  48  3:48  Probe (Chrono Boost)  
  49  3:53  Probe x2 (Chrono Boost)  
  51  4:01  Nexus  
  51  4:02  Probe x2  
  53  4:06  Pylon, Observer  
  53  4:10  Stalker, Observer  
  53  4:14  Probe  
  53  4:16  Stalker  
  58  4:18  Stalker  
  58  4:21  Probe  
  61  4:25  Observer  
  61  4:27  Probe, Robotics Bay  
  62  4:33  Probe (Chrono Boost)  
  63  4:40  Probe (Chrono Boost)  
  65  4:45  Probe (Chrono Boost)  
  65  4:51  Probe (Chrono Boost)  
  66  4:53  Probe (Chrono Boost)  
  66  4:55  Probe (Chrono Boost)  
  65  5:00  Probe  
  65  5:02  Twilight Council  
  65  5:03  Forge  
  65  5:06  Probe  
  67  5:12  Probe  
  68  5:18  Probe  
  69  5:24  Colossus (Chrono Boost), Probe  
  69  5:27  Probe  
  77  5:29  Protoss Ground Weapons Level 1 (Chrono Boost)  
  77  5:30  Probe  
  77  5:33  Observer  
  77  5:34  Observer  
  78  5:36  Probe  
  78  5:37  Blink (Chrono Boost)  
  78  5:39  Probe  
  78  5:42  Probe  
  81  5:45  Observer  
  81  5:46  Extended Thermal Lance  
  81  5:48  Probe, Sentry  
  84  5:51  Probe, Gateway  
  84  5:52  Pylon, Gateway  
  85  6:00  Pylon  
  85  6:04  Gateway  
  85  6:08  Colossus (Chrono Boost)  
  85  6:10  Probe x2  
  93  6:16  Shield Battery  
  93  6:17  Assimilator  
  93  6:18  Probe  
  94  6:19  Photon Cannon, Assimilator  
  94  6:20  Shield Battery  
  94  6:22  Probe  
  94  6:25  Probe  
  96  6:27  Pylon  
  96  6:28  Stalker  
  96  6:30  Probe  
  96  6:32  Stalker  
  101  6:39  Pylon  
  101  6:42  Cybernetics Core  
  101  6:44  Pylon  
  101  6:45  Probe  
  101  6:46  Colossus (Chrono Boost)  
  108  6:58  Pylon  
  108  7:00  Pylon  
  108  7:01  Gateway x2  
  108  7:05  Zealot x6  
  120  7:11  Templar Archives  
  120  7:12  Pylon  
  120  7:16  Forge  
  120  7:20  Probe  
  121  7:27  Stalker  
  123  7:30  Pylon  
  123  7:32  Pylon  
  123  7:33  Colossus, Protoss Ground Armor Level 1 (Chrono Boost)  
  129  7:37  Charge (Chrono Boost), Stalker x3  
  129  7:43  Stalker  
  137  7:45  Stalker  
  139  7:57  Nexus  
  137  8:01  Stalker  
  137  8:02  Pylon  
  139  8:06  Protoss Ground Weapons Level 2 (Chrono Boost)  
  139  8:10  Probe  
  139  8:11  Probe x2  
  139  8:12  Assimilator  
  142  8:13  Stalker x2  
  142  8:16  Assimilator  
  146  8:23  Probe x2  
  146  8:26  Warp Prism  
  148  8:33  Pylon  
  150  8:41  Probe  
  150  8:43  Pylon, Zealot x8  
  167  8:49  Probe x2  
  167  8:54  Gateway  
  169  8:57  Gateway  
  169  9:03  Pylon  
  169  9:09  Probe  
  171  9:10  Probe  
  171  9:15  Protoss Ground Armor Level 2 (Chrono Boost)  
  169  9:17  High Templar x7  
  169  9:18  High Templar  
  169  9:21  Archon x2  
  169  9:22  Archon x2  
  185  9:26  Observer  
  185  9:28  Photon Cannon  
  185  9:30  Shield Battery  
  182  9:39  Observer  
  182  9:50  Pylon, High Templar x3  
  182  9:51  High Templar  
  182  9:52  Pylon  
  188  9:54  Pylon  
  188  9:55  Archon x2  
  188  9:57  Gateway  
  188  9:58  Gateway  
  187  10:10  High Templar x2, Zealot x2  
  187  10:11  Protoss Ground Weapons Level 3 (Chrono Boost), Zealot x2  
  187  10:14  Probe  
  200  10:15  Archon  
  200  10:22  Stargate  
  195  10:38  Probe  
  195  10:40  Assimilator  
  195  10:42  Probe  
  197  10:45  Pylon  
  197  10:46  Probe x2  
  195  10:58  Pylon  
  195  10:59  Forge  
  195  11:06  Zealot x2  
  195  11:16  Probe  
  190  11:25  Fleet Beacon, Pylon  
  188  11:27  Stargate  
  188  11:28  Stargate  
  185  11:34  Nexus  
  185  11:38  Pylon  
  177  11:48  Stalker x3  
  167  11:56  Zealot x5  
  153  12:04  Probe  
  153  12:08  Pylon  
  151  12:13  Tempest (Chrono Boost)  
  151  12:14  Tempest x2 (Chrono Boost)  
  159  12:26  Nexus  
  159  12:29  Assimilator  
  159  12:31  Zealot x4  
  159  12:33  Stalker x2  
  159  12:34  Stalker  
  173  12:41  Tempest x2  
  169  12:48  Tempest  
  179  12:51  Zealot x4  
  179  12:54  Observer  
  179  12:58  Protoss Shields Level 1 (Chrono Boost)  
  179  13:01  Probe  
  179  13:03  Probe  
  181  13:20  Probe  
  181  13:22  Pylon  
  181  13:24  Pylon  
  187  13:28  Pylon  
  187  13:30  Assimilator  
  187  13:32  Assimilator  
  187  13:36  Stalker  
  179  13:49  Zealot x3  
  179  13:50  Zealot x3  
  179  14:02  Colossus  
  179  14:09  Stalker x2  
  179  14:10  Stalker x5  
  179  14:11  Probe  
  151  14:42  Stalker x7  
  149  14:55  Disruptor (Chrono Boost)  
  149  14:56  Probe  
  149  14:58  Probe  
  111  15:07  Stalker x7  
  76  15:30  Zealot x7  
Tags
 
Add a new tag
Caveats
  • Supply blocks, unpowered buildings, or Contaminate may cause inaccurate times.
  • Supply counts are checked every 10 seconds.